 Dungeon Crawl Stone Soup version 0.16-a0-4056-gee4db93 (webtiles) character file.

781 vatarom the Cudgeler (level 7, 0/52 HPs)
             Began as a Demonspawn Chaos Knight on Feb 20, 2015.
             Slain by Sigmund
             ... wielding a +0 scythe
              (7 damage)
             ... on level 5 of the Dungeon.
             The game lasted 00:09:16 (3850 turns).

vatarom the Cudgeler (Demonspawn Chaos Knight)      Turns: 3850, Time: 00:09:16

Health: 0/52       AC: 12    Str: 11 (15) XL:     7   Next: 55%
Magic:  7/7        EV: 14    Int: 13      God:    Xom [.*....]
Gold:   134        SH:  0    Dex: 16      Spells: 0 memorised, 6 levels left

rFire  . . .     SeeInvis .     a - +0 mace (chaos)
rCold  + . .     Clarity  .     g - +1 scale mail {rC+}
rNeg   . . .     SustAb   .     (no shield)
rPois  .         Gourm    .     (no helmet)
rElec  .         Spirit   .     (no cloak)
rCorr  .         Warding  .     d - +0 pair of gloves
rMut   .         Stasis   .     (no boots)
MR     .....                    (no amulet)
Stlth  +.........               (no ring)
                                (no ring)

@: agile, not resistant to hostile enchantments, very unstealthy
A: hooves 2, rough black scales 1, demonic guardian 1, spiny 1
a: Renounce Religion


You were on level 5 of the Dungeon.
You worshipped Xom.
You were a plaything of Xom.
You were hungry.

You visited 1 branch of the dungeon, and saw 5 of its levels.

You collected 134 gold pieces.

Inventory:

Hand weapons
 a - a +0 mace of chaos (weapon)
 o - a +4 flail
Missiles
 m - 17 stones (quivered)
Armour
 b - a +2 leather armour
 d - a +0 pair of gloves (worn)
 g - a +1 scale mail of cold resistance (worn)
Jewellery
 i - an uncursed ring of ice
Magical devices
 n - a wand of digging (6)
 p - a wand of digging (8)
Scrolls
 e - 4 scrolls of identify
Potions
 h - a potion of agility
Books
 k - a book of Control

   Spells                             Type                      Level
   a - Control Teleport               Charms/Translocation         4
   b - Control Undead                 Necromancy                   4
   c - Enslavement                    Hexes                        4
   d - Metabolic Englaciation         Hexes/Ice                    5
   e - Mass Confusion                 Hexes                        6
Comestibles
 c - a bread ration
 f - a meat ration
 l - a beef jerky


   Skills:
 - Level 3.0 Fighting
 + Level 7.7 Maces & Flails
 - Level 1.7 Armour
 - Level 2.7 Dodging


You had 6 spell levels left.
You didn't know any spells.

Dungeon Overview and Level Annotations

Branches:
Dungeon (5/15)
 Temple: D:4-7

Altars:
Cheibriados
Elyvilon

Annotations:
D:3 Prince Ribbit
D:5 Sigmund


Innate Abilities, Weirdness & Mutations

You have hoof-like feet.
You are partially covered in rough black scales (AC +4, Dex -1).
A weak demonic guardian rushes to your aid.
You are partially covered in sharp spines.


Message History

You see here a mace.
Something hits you. Something barely misses you. Something hits you.
You hear some strange, mumbled words.
You are confused.
You bump into the rock wall.
Something hits you.
You bump into the rock wall.
Something hits you!
* * * LOW HITPOINT WARNING * * *
You bump into the rock wall.
The magic dart hits you!
You're too confused to move!
Something barely misses you.
You bump into the rock wall.
Something hits you.
* * * LOW HITPOINT WARNING * * *
You bump into the rock wall.
You feel less confused. Something hits you.
* * * LOW HITPOINT WARNING * * *
Something hits you!
You die... "This toy is broken."

#############
#..)........# a
#.#########.#
#.# #.# #.# #.#
#{# #.#
######### #.#
#{# #.......#
#.#
#@######.#####.#
#.# #........#
#.# #.#
########## #.#
######.# #.#
.......# #.#
######## #.# #.#
#.# #.#


There were no monsters in sight!

Vanquished Creatures
  3 phantoms (D:4)
  Duvessa (D:4)
  The ghost of vatarom the Sneak, an average VSAs (D:3)
  Dowan (D:4)
  Crazy Yiuf (D:4)
  A hound (D:4)
  A worker ant (D:4)
  3 orc wizards
  2 iguanas
  Ijyb (D:4)
  3 adders
  2 worms
  3 giant geckos
  9 orcs
  A bat skeleton (D:4)
  A giant cockroach (D:2)
  4 hobgoblins
  7 kobolds
  A quokka (D:3)
  10 bats
  4 giant newts
  7 goblins
  A jackal skeleton (D:3)
  7 rats
75 creatures vanquished.

Vanquished Creatures (collateral kills)
  2 ogres (D:4)
  3 orcs (D:4)
  A rat (D:3)
6 creatures vanquished.

Vanquished Creatures (others)
  A fire vortex (D:4)
  6 quasits
  3 crimson imps
  6 iron imps
  2 white imps (D:3)
  3 ufetubi
  A fungus (D:4)
22 creatures vanquished.

Grand Total: 103 creatures vanquished

Notes
Turn   | Place    | Note
--------------------------------------------------------------
     0 | D:1      | vatarom, the Demonspawn Chaos Knight, began the quest for the Orb.
     0 | D:1      | Reached XP level 1. HP: 18/18 MP: 1/1
    14 | D:1      | Reached skill level 1 in Dodging
    35 | D:1      | You fall through a shaft!
    85 | D:2      | XOM: potion effect (haste)
    86 | D:2      | Gained mutation: You have large cloven feet. [demonic ancestry]
    86 | D:2      | Reached XP level 2. HP: 24/24 MP: 2/2
   191 | D:2      | XOM: butterfly on damage
   271 | D:2      | XOM: swap monsters
   312 | D:2      | Gained mutation: You are partially covered in sharp spines. [demonic ancestry]
   312 | D:2      | Reached XP level 3. HP: 13/29 MP: 3/3
   870 | D:3      | Noticed vatarom's ghost (average VSAs)
   887 | D:3      | Killed vatarom's ghost
   887 | D:3      | Reached skill level 4 in Maces & Flails
   887 | D:3      | Gained mutation: A weak demonic guardian rushes to your aid. [demonic ancestry]
   887 | D:3      | Reached XP level 4. HP: 16/35 MP: 4/4
   945 | D:3      | Found a white marble altar of Elyvilon.
   952 | D:3      | HP: 1/35 [orc/falchion of holy wrath (1)]
  1330 | D:3      | Reached XP level 5. HP: 19/41 MP: 5/5
  1870 | D:3      | XOM: polymorph orc -> giant newt
  1876 | D:3      | Reached skill level 5 in Maces & Flails
  1929 | D:3      | XOM: silly message
  2000 | D:3      | XOM: god gift: 17 stones
  2047 | D:4      | XOM: colour smoke trail
  2086 | D:4      | Noticed an ogre
  2088 | D:4      | XOM: silly message
  2094 | D:4      | XOM: divination: detect items
  2210 | D:4      | Killed an ogre
  2210 | D:4      | Gained mutation: You have hoof-like feet. [demonic ancestry]
  2210 | D:4      | Reached XP level 6. HP: 45/47 MP: 6/6
  2232 | D:4      | Noticed Ijyb
  2248 | D:4      | XOM: noise
  2254 | D:4      | Noticed a phantom
  2264 | D:4      | Killed Ijyb
  2270 | D:4      | XOM: noise
  2271 | D:4      | XOM: enchant monster (bad)
  2310 | D:4      | Noticed Prince Ribbit
  2338 | D:3      | XOM: smoke on damage
  2400 | D:4      | Killed a phantom
  2400 | D:4      | Reached skill level 6 in Maces & Flails
  2530 | D:4      | Noticed Crazy Yiuf
  2537 | D:4      | XOM: medium Pois miscast
  2558 | D:4      | XOM: mild Fire miscast
  2559 | D:4      | Noticed a fire vortex
  2559 | D:4      | Noticed a fire vortex
  2565 | D:4      | Killed a fire vortex
  2578 | D:4      | Killed Crazy Yiuf
  2673 | D:4      | Noticed a phantom
  2682 | D:4      | Killed a phantom
  2859 | D:4      | Gained mutation: You are partially covered in rough black scales (AC +4, Dex -1). [demonic ancestry]
  2859 | D:4      | Reached XP level 7. HP: 25/52 MP: 7/7
  2905 | D:4      | XOM: god gift: ring mail {god gift}
  2962 | D:4      | Noticed a phantom
  2963 | D:4      | XOM: confusion (+ monsters)
  2967 | D:4      | XOM: fog
  3011 | D:4      | Killed a phantom
  3011 | D:4      | Reached skill level 7 in Maces & Flails
  3020 | D:4      | XOM: harmless Necr miscast
  3104 | D:4      | XOM: medium Tloc miscast
  3136 | D:4      | Noticed Duvessa
  3137 | D:4      | Noticed an ogre
  3159 | D:4      | Killed an ogre
  3198 | D:4      | Killed Duvessa
  3481 | D:4      | XOM: medium Fire miscast
  3520 | D:4      | Noticed Dowan
  3520 | D:4      | XOM: confuse monster(s)
  3564 | D:4      | Killed Dowan
  3593 | D:4      | Found a snail-covered altar of Cheibriados.
  3719 | D:5      | Entered Level 5 of the Dungeon
  3774 | D:5      | Noticed Sigmund
  3774 | D:5      | XOM: noise
  3819 | D:5      | HP: 2/52 [something (12)]
  3821 | D:5      | XOM: divination: detect creatures
  3850 | D:5      | Slain by Sigmund

Action                   |  1- 3 |  4- 6 |  7- 9 || total
-------------------------+-------+-------+-------++-------
Melee: Mace              |    82 |   155 |    68 ||   305
       Flail             |       |    12 |       ||    12
  Use: Scroll            |     3 |     5 |       ||     8
       Potion            |     2 |     3 |     5 ||    10
 Stab: Paralysed         |       |     2 |       ||     2
  Eat: Meat ration       |       |     1 |       ||     1
       Bread ration      |       |     1 |       ||     1
